 Dungeon Crawl Stone Soup version 0.29-a0-847-g24c0ca63c9 (webtiles) character file.

Game seed: 8302492872443914513

1753 Malachi the Fighter (level 9, -2/85 HPs)
             Began as a Hill Orc Fighter on July 16, 2022.
             Was an Initiate of Ashenzari.
             Slain by a boulder beetle (21 damage)
             ... on level 6 of the Dungeon.
             The game lasted 00:08:11 (5600 turns).

Malachi the Fighter (Hill Orc Fighter)              Turns: 5600, Time: 00:08:12

Health: -2/85      AC:  8    Str: 23    XL:     9   Next: 6%
Magic:  9/9        EV: 10    Int:  9    God:    Ashenzari [......]
Gold:   1316       SH:  5    Dex: 15    Spells: 8/8 levels left

rFire   . . .      SeeInvis .   s - +4 mace "Weutt" {vamp, rCorr Int+4 Dex+5}
rCold   + . .      Faith    .   c - +0 buckler
rNeg    . . .      Spirit   .   i - +2 ring mail {rC+}
rPois   .          Reflect  .   (no helmet)
rElec   .          Harm     .   m - scarf {shadows}
rCorr   +          Rampage  .   t - +0 pair of gloves
Will    ++...      Rage     50% (no boots)
Stlth   +.........              o - necklace of Bloodlust {*Rage Will++ Int-3 Slay+6}
HPRegen 0.24/turn               (no ring)
MPRegen 0.11/turn               (no ring)

@: on berserk cooldown, slowed, very slow
A: no striking features
a: Renounce Religion


You were on level 6 of the Dungeon.
You worshipped Ashenzari.
Ashenzari was noncommittal.
You visited 2 branches of the dungeon, and saw 7 of its levels.

You collected 1316 gold pieces.

Inventory:

Hand Weapons
 a - a +0 war axe
 s - the +4 mace "Weutt" (weapon) {vamp, rCorr Int+4 Dex+5}
   (You found it on level 4 of the Dungeon)

   It occasionally heals its wielder for a portion of the damage dealt when it
   wounds a living foe.
   Int:       It affects your intelligence (+4).
   Dex:       It affects your dexterity (+5).
   rCorr:     It protects you from acid and corrosion.
 u - a +0 lajatang
 B - the +5 whip of Courage {elec, *Slow Dex+5}
   (You found it on level 5 of the Dungeon)

   It occasionally discharges a powerful burst of electricity upon striking a
   foe.
   Dex:       It affects your dexterity (+5).
   *Slow:     It may slow you when you take damage.
Armour
 c - a +0 buckler (worn)
 i - a +2 ring mail of cold resistance (worn)
 m - a scarf of shadows (worn)
 t - a +0 pair of gloves (worn)
 E - +0 steam dragon scales
Jewellery
 o - the necklace of Bloodlust (around neck) {*Rage Will++ Int-3 Slay+6}
   (You found it on level 4 of the Dungeon)

   [amulet of nothing]

   It extends the wearer's berserk rage when killing foes.
   Int:       It affects your intelligence (-3).
   Slay:      It affects your accuracy & damage with ranged weapons and melee
   (+6).
   *Rage:     It berserks you when you make melee attacks (+50% chance).
   Will:      It greatly increases your willpower.
 w - a ring of fire
 z - an amulet of reflection
Wands
 f - a wand of iceblast (9)
 D - a wand of paralysis (4)
Scrolls
 g - a scroll of fear
 l - a scroll of immolation
 n - a scroll of blinking
 q - a scroll of enchant weapon
 r - a scroll of vulnerability
 y - 3 scrolls of amnesia {unknown}
 A - 2 scrolls of teleportation {unknown}
 C - 2 scrolls of fog {unknown}
Potions
 d - 2 potions of might
 e - 5 potions of heal wounds {unknown}
 h - a potion of berserk rage {unknown}
 j - 2 potions of haste {unknown}
 k - a potion of degeneration {unknown}
 p - 3 potions of curing {unknown}
 v - a potion of resistance {unknown}
 x - a potion of magic {unknown}


   Skills:
 + Level 10.2 Fighting
 - Level 4.5(7.7) Axes
 + Level 8.1(8.5) Maces & Flails
 - Level 3.2 Armour
 - Level 3.2 Shields


You had 8 spell levels left.
You didn't know any spells.
Your spell library contained the following spells:

 Spells                   Type           Power      Damage    Failure   Level
 Shock                    Conj/Air       0%         1d3       63%         1
 Swiftness                Air            0%         N/A       94%         3
 Airstrike                Air            0%         0-1+      100%        4
 Petrify                  Tmut/Erth      0%         N/A       100%        4
 Metabolic Englaciation   Hex/Ice        0%         N/A       100%        5
 Statue Form              Tmut/Erth      0%         N/A       100%        6


Dungeon Overview and Level Annotations

Branches:
Dungeon (6/15)             Temple (1/1) D:6

Altars:
Ashenzari
Cheibriados
Dithmenos
Elyvilon
Fedhas
Makhleb
Nemelex Xobeh
Trog
Vehumet
Yredelemnul
Zin


Message History

You hit the boulder beetle.
The boulder beetle is heavily wounded.
You are no longer berserk.
You are exhausted.
You feel yourself slow down. The boulder beetle bites you.
You hit the boulder beetle.
You feel better.
The boulder beetle is severely wounded.
The boulder beetle bites you!
You hit the boulder beetle but do no damage.
The boulder beetle is severely wounded.
The boulder beetle closely misses you. x2
You hit the boulder beetle.
The boulder beetle is severely wounded.
You block the boulder beetle's attack.
You hit the boulder beetle.
You feel better.
The boulder beetle is severely wounded.
You block the boulder beetle's attack. The boulder beetle bites you!!
You are too injured to fight recklessly!
You are too injured to fight recklessly!
You are too injured to fight recklessly!
You are too injured to fight recklessly!
You barely miss the boulder beetle.
The boulder beetle is severely wounded.
The boulder beetle barely misses you.
You completely miss the boulder beetle.
The boulder beetle is severely wounded.
The boulder beetle barely misses you.
The boulder beetle bites you but does no damage.
You thump the boulder beetle!
You feel better.
The boulder beetle is severely wounded.
You block the boulder beetle's attack.
You hit the boulder beetle but do no damage.
The boulder beetle is severely wounded.
The boulder beetle bites you!!
* * * LOW HITPOINT WARNING * * *
You block the boulder beetle's attack.
You hit the boulder beetle.
The boulder beetle is severely wounded.
The boulder beetle bites you!!
You die...

###..........
#.##........# ##
##)###........ ####.
##........##...
##....##
#............##
#......##
##........#...##
#....###......##.#..###
##.............#.##...#
#.....@........#..#....
##..#..B....##.........
####..#...)####.......
######..## #.......
#...# #.......
###.###......)
#...#....#...
##.......##..
##.....####.


You could see a boulder beetle.

Vanquished Creatures
  Maggie (D:6)
  Eustachio (D:5)
  An ice beast (D:5)
  An orc warrior (D:6)
  A black bear (D:5)
  2 ogres (D:5)
  A centaur (D:6)
  The ghost of anet the Conjurer, an amateur GrCj of Ashenzari (D:3)
  2 scorpions (D:5)
  A crimson imp (D:5)
  A jelly (D:5)
  A hound (D:6)
  3 orc priests
  A water moccasin simulacrum (D:3)
  3 iguanas (D:5)
  4 orc wizards
  A scorpion simulacrum (D:3)
  11 adders
  A hound simulacrum (D:3)
  A shadow imp (D:5)
  A white imp (D:5)
  An ufetubus (D:4)
  2 worms (D:3)
  A dart slug (D:1)
  An adder simulacrum (D:3)
  10 orcs
  5 bats
  4 endoplasms
  3 giant cockroaches
  8 goblins
  8 hobgoblins
  3 quokkas
  2 ball pythons
  A ball python simulacrum (D:3)
  A frilled lizard (D:3)
  3 kobolds
  2 rats (D:2)
95 creatures vanquished.

Notes
Turn   | Place    | Note
-------+----------+-------------------------------------------
     0 | D:1      | Malachi the Hill Orc Fighter began the quest for the Orb.
     0 | D:1      | Reached XP level 1. HP: 19/19 MP: 1/1
   247 | D:1      | Reached skill level 4 in Fighting
   247 | D:1      | Reached XP level 2. HP: 21/27 MP: 2/2
   643 | D:1      | Reached XP level 3. HP: 34/34 MP: 3/3
  1509 | D:3      | You fall into a shaft and drop 2 floors!
  1509 | D:5      | Entered Level 5 of the Dungeon
  1520 | D:4      | Found the necklace of Bloodlust {*Rage Will++ Int-3 Slay+6}
  1919 | D:4      | Reached XP level 4. HP: 41/41 MP: 4/4
  2054 | D:4      | Identified the +4 mace "Weutt" {vamp, rCorr Int+4 Dex+5}
  2200 | D:4      | Reached skill level 5 in Fighting
  2304 | D:4      | Reached skill level 1 in Maces & Flails
  2538 | D:4      | Found a sparkling altar of Nemelex Xobeh.
  2818 | D:3      | Found a radiant altar of Vehumet.
  2844 | D:3      | Found a runed translucent gate.
  2844 | D:3      | Found a runed translucent gate.
  2844 | D:3      | Found a runed translucent gate.
  2866 | D:3      | Reached XP level 5. HP: 48/48 MP: 5/5
  3226 | D:3      | Noticed anet's ghost (amateur GrCj)
  3337 | D:3      | Reached skill level 6 in Fighting
  3340 | D:3      | Reached XP level 6. HP: 57/57 MP: 6/6
  3402 | D:3      | Killed anet's ghost
  3865 | D:5      | Reached XP level 7. HP: 64/64 MP: 7/7
  3867 | D:5      | Reached skill level 7 in Fighting
  3937 | D:5      | Identified the +5 whip of Courage {elec, *Slow Dex+5}
  4079 | D:5      | Noticed Eustachio
  4087 | D:5      | Killed Eustachio
  4088 | D:5      | Reached skill level 5 in Maces & Flails
  4138 | D:5      | Reached skill level 8 in Fighting
  4160 | D:5      | Reached XP level 8. HP: 74/74 MP: 8/8
  4710 | D:5      | Reached skill level 9 in Fighting
  4866 | D:5      | Found a burning altar of Makhleb.
  5003 | D:6      | Identified a scroll of acquirement
  5007 | D:6      | Acquired 1016 gold pieces
  5160 | D:6      | Found a staircase to the Ecumenical Temple.
  5216 | Temple   | Entered the Ecumenical Temple
  5261 | Temple   | Became a worshipper of Ashenzari the Shackled
  5378 | D:6      | Noticed Maggie
  5389 | D:6      | Killed Maggie
  5390 | D:6      | Reached skill level 10 in Fighting
  5390 | D:6      | Reached XP level 9. HP: 85/85 MP: 9/9
  5577 | D:6      | Noticed a boulder beetle
  5600 | D:6      | Slain by a boulder beetle

Illustrated notes

Levels and vault maps discovered:
D:1:      spicycebolla_arrival_ecumenical, layout_basic
D:2:      layout_rooms
D:3:      layout_rooms, lemuel_crystal_altar, gammafunk_ghost_icy
D:4:      layout_basic, nemelex_dance_club_becter, hangedman_decor_peaks_small
D:5:      layout_loops_ring, makhleb_grotto_becter, uniq_eustachio
D:6:      layout_cave_pools, temple_pool_b, minmay_misc_feat_encased,
          uniq_maggie
Temple:   nicolae_temple_elliptical

Skill      XL: |  1  2  3  4  5  6  7  8  9 |
---------------+----------------------------+-----
Axes           | 3 4 |  4.5
Fighting       | 4 5 6 8 10 | 10.2
Maces & Flails | 1 2 4 5 7 8 |  8.1
Armour         | |  3.2
Shields        | |  3.2

Action                   |  1- 3 |  4- 6 |  7- 9 || total
-------------------------+-------+-------+-------++-------
Melee: War axe           |   106 |     4 |       ||   110
       Mace              |       |    56 |   101 ||   157
  Use: Scroll            |       |       |     8 ||     8
Armor: Scale mail        |    28 |       |       ||    28
       Ring mail         |    20 |    20 |    24 ||    64
Dodge: Dodged            |    57 |    39 |    37 ||   133
Block: Buckler           |    22 |    16 |    16 ||    54

Table legend: (Time is in decaauts)
 A = Elapsed time spent in this place.
 B = Non-inter-level travel time spent in this place.
 C = Inter-level travel time spent in this place.
 D = Time resting spent in this place.
 E = Time spent auto-exploring this place.
 F = Levels seen in this place.
 G = Mean time per level.
                   A        B        C        D        E       F      G
               +--------+--------+--------+--------+--------+-----+--------+
         Total |   6032 |   5751 |    281 |   1644 |   3191 |   7 |  861.7 |
       Dungeon |   5964 |   5713 |    251 |   1644 |   3162 |   6 |  994.0 |
        Temple |     67 |     38 |     29 |      0 |     29 |   1 |   67.0 |
               +--------+--------+--------+--------+--------+-----+--------+

Top non-repeatable levels by time:
     D:5: 1380 daAuts
     D:4: 1184 daAuts
     D:3: 1037 daAuts
     D:1: 1034 daAuts
     D:2: 687 daAuts
     D:6: 640 daAuts
  Temple: 67 daAuts
